 Dungeon Crawl Stone Soup version 0.28.0 (webtiles) character file.

Game seed: 5512896767357756345

6799 lawman0 the Basher (level 10, -9/81 HPs)
             Began as a Palentonga Artificer on Feb 5, 2022.
             Was an Initiate of Gozag.
             Succumbed to a hornet's poison
             ... on level 9 of the Dungeon on Feb 6, 2022.
             The game lasted 00:16:43 (6607 turns).

lawman0 the Basher (Palentonga Artificer)           Turns: 6607, Time: 00:16:44

Health: -9/81      AC: 20    Str: 15    XL:     10   Next: 76%
Magic:  10/10      EV:  5    Int: 22    God:    Gozag
Gold:   80         SH:  0    Dex: 11    Spells: 9/9 levels left

rFire   + . .      SeeInvis +   a - +12 whip "Kiefot" {protect, rF+}
rCold   . . .      Faith    .   (no shield)
rNeg    . . .      Spirit   .   x - +3 chain mail
rPois   .          Reflect  .   (no helmet)
rElec   .          Harm     .   (no cloak)
rCorr   .          Rampage  .   w - +0 pair of gloves
Will    .....                   (no barding)
Stlth   ..........              n - amulet of regeneration
HPRegen 1.03/turn               h - +4 ring of slaying
MPRegen 0.12/turn               A - +6 ring of intelligence

@: lethally poisoned (-9 -> -41), marked, under a protective aura, attractive
A: large, rugged brown scales 3, see invisible, deformed body, roll 1, armoured
tail, reflexive curl
a: Rolling Charge, Renounce Religion, Potion Petition, Call Merchant, Bribe
Branch


You were on level 9 of the Dungeon.
You worshipped Gozag.
Gozag was noncommittal.
You visited 2 branches of the dungeon, and saw 10 of its levels.

You collected 1148 gold pieces.
You spent 275 gold pieces at shops.
You paid 793 gold pieces to Gozag.

Inventory:

Hand Weapons
 a - the +12 whip "Kiefot" (weapon) {protect, rF+}
   (You found it on level 5 of the Dungeon)

   It grants its wielder temporary protection when it strikes (+7 to AC).
   rF:        It protects you from fire.
 b - the +3 arbalest "Xiudes" {flame, rCorr}
   (You found it on level 5 of the Dungeon)

   Any ammunition fired from it burns those it strikes, dealing additional fire
   damage.
   rCorr:     It protects you from acid and corrosion.
 s - a +0 short sword of venom
 t - a +0 flail
 B - a +0 club
 K - a +2 dagger of chaos
Missiles
 p - 13 boomerangs
 D - 94 bolts
 H - a throwing net
Armour
 w - a +0 pair of gloves (worn)
 x - a +3 chain mail (worn)
 M - the +7 chain mail of Vyluull {Fly rC- Slay+3 SInv}
   (You bought it in a shop on level 8 of the Dungeon)

   Slay:      It affects your accuracy & damage with ranged weapons and melee
   (+3).
   rC:        It makes you vulnerable to cold.
   SInv:      It lets you see invisible.
   Fly:       It grants you flight.
Jewellery
 h - a +4 ring of slaying (left hand)
 n - an amulet of regeneration (around neck)
 r - an amulet of magic regeneration
 A - a +6 ring of intelligence (right hand)
 G - an amulet of guardian spirit
Wands
 c - a wand of flame (47)
 d - a wand of charming (6)
 y - a wand of iceblast (4)
Scrolls
 i - a scroll of fog {unknown}
 u - a scroll of immolation
 v - 2 scrolls of amnesia
 C - 3 scrolls of blinking
 E - 3 scrolls of enchant weapon {unknown}
 F - 2 scrolls of fear {unknown}
Potions
 f - 2 potions of heal wounds
 g - a potion of attraction
 j - 5 potions of mutation
 k - 3 potions of brilliance
 l - a potion of resistance
 m - a potion of lignification {unknown}
 q - a potion of might {unknown}
 z - 2 potions of curing {unknown}
 I - a potion of haste {unknown}
 J - a potion of flight {unknown}
 L - 2 potions of magic {unknown}
Miscellaneous
 e - a piece from Xom's chessboard (11/15)


   Skills:
 + Level 6.0 Fighting
 + Level 8.6 Maces & Flails
 - Level 4.3 Crossbows
 + Level 6.6 Armour
 + Level 2.7 Dodging
 + Level 1.3 Stealth
 * Level 7.7 Evocations


You had 9 spell levels left.
You didn't know any spells.
Your spell library contained the following spells:

 Spells                   Type           Power      Damage    Failure   Level
 Animate Skeleton         Necr           0%         N/A       95%         1
 Pain                     Necr           0%         1d4       95%         1
 Shock                    Conj/Air       0%         1d3       95%         1
 Summon Small Mammal      Summ           0%         N/A       95%         1
 Corpse Rot               Necr/Air       0%         N/A       98%         2
 Passwall                 Tmut/Erth      0%         N/A       98%         2
 Call Canine Familiar     Summ           0%         N/A       100%        3
 Summon Guardian Golem    Hex/Summ       0%         N/A       100%        3
 Vampiric Draining        Necr           0%         2d6       100%        3
 Dispel Undead            Necr           0%         3d6       100%        4
 Irradiate                Conj/Tmut      0%         3d14      100%        5
 Death Channel            Necr           0%         N/A       100%        6
 Starburst                Conj/Fire      0%         6d3       100%        6


Dungeon Overview and Level Annotations

Branches:
Dungeon (9/15)             Temple (1/1) D:7             Orc (0/2) D:9
   Lair: D:8-11

Altars:
Ashenzari
Cheibriados
Dithmenos
Elyvilon
Fedhas
Gozag
Hepliaklqana
Kikubaaqudgha
Makhleb
Nemelex Xobeh
Okawaru
Qazlal
Ru
Sif Muna
Trog
Uskayaw
Vehumet
Wu Jian
Xom
Yredelemnul
Zin
The Shining One

Shops:
D:3 (   D:5 =   D:8 [

Annotations:
D:5 1 runed translucent door, Jeffrey's ghost, amateur PaFi
D:8 2 transporters, Barbarella's ghost, novice MiBe
D:9 Harold


Innate Abilities, Weirdness & Mutations

You are completely covered in rugged brown scales. (AC +3, +7% HP)
You have supernaturally acute eyesight. (SInv)
Armour fits poorly on your strangely shaped body.
You can roll at nearby foes to attack.
You have a long armoured tail.
You curl defensively after being hit. (AC +7*)


Message History

You feel very sick.
Unknown command.
You thrash Harold!!
Harold is severely wounded.
You feel very sick.
Harold hits you with a +3 glaive of venom!
You are more poisoned.
You are too injured to fight recklessly!
You are too injured to fight recklessly!
You hit Harold.
Harold is severely wounded.
You feel very sick.
Harold points at you and mumbles some strange words.
A sentinel's mark forms upon you.
Unknown command.
You hit Harold but do no damage.
Harold is severely wounded.
You feel very sick.
You are too injured to fight recklessly!
It was a potion of attraction.
You feel attractive to monsters.
You feel very sick.
Harold hits you with a +3 glaive of venom!
* * * LOW HITPOINT WARNING * * *
You feel much better.
You feel very sick.
The hornet stings you but does no damage.
Harold hits you with a +3 glaive of venom!
* * * LOW HITPOINT WARNING * * *
You are lethally poisoned!
The hornet stings you!
* * * LOW HITPOINT WARNING * * *
You are more poisoned.
You feel yourself slow down.
Unknown command.
You barely miss Harold.
Harold is severely wounded.
You feel yourself speed up.
You die...
Your body crumbles into a pile of gold.

###########
..........#
..........#
.......@..+
.......@y.#
..........#
#####.....#
.......
.........
.......$...
.............
$


You could see Harold and a hornet.

Vanquished Creatures
  Gastronok (D:8)
  A kobold demonologist (D:7)
  Psyche (D:8)
  10 yaks
  A warg (D:9)
  2 water moccasins
  2 orc warriors
  A hornet zombie (D:5)
  3 ice beasts
  2 necrophages (D:6)
  A centaur (D:9)
  A bullfrog (D:8)
  A kobold brigand (D:6)
  A scorpion (D:4)
  2 water moccasin zombies (D:5)
  3 water moccasin skeletons
  8 killer bees
  3 wights (D:7)
  3 howler monkeys (D:7)
  5 bullfrog zombies (D:5)
  2 centaur zombies
  3 centaur skeletons
  3 jellies
  3 bullfrog skeletons (D:5)
  4 hounds
  4 orc priests
  4 iguanas
  5 scorpion zombies (D:5)
  8 orc wizards
  3 killer bee zombies
  3 howler monkey zombies (D:5)
  A gnoll (D:3)
  4 adders
  2 howler monkey skeletons
  A shadow imp (D:8)
  A worm (D:2)
  A dart slug (D:2)
  32 orcs
  4 ball pythons
  10 endoplasms
  3 giant cockroaches
  9 goblins
  2 hobgoblins
  23 kobolds
  A quokka (D:4)
  5 bats
  2 frilled lizards
  A rat (D:3)
196 creatures vanquished.

Vanquished Creatures (collateral kills)
  A kobold brigand (D:8)
  2 gnolls (D:3)
  An adder (D:2)
  A ball python (D:3)
  2 endoplasms (D:3)
  A giant cockroach (D:1)
  A quokka (D:2)
9 creatures vanquished.

Vanquished Creatures (others)
  4 yaks (D:6)
  An ogre (D:5)
  A killer bee (D:8)
  A jelly (D:3)
  An adder (D:2)
  A hobgoblin (D:1)
  A kobold (D:3)
  2 fungi (D:3)
  5 toadstools (D:3)
17 creatures vanquished.

Grand Total: 222 creatures vanquished

Notes
Turn   | Place    | Note
-------+----------+-------------------------------------------
     0 | D:1      | lawman0 the Palentonga Artificer began the quest for the
                  | Orb.
     0 | D:1      | Reached XP level 1. HP: 16/16 MP: 1/1
   207 | D:1      | Found a bloodstained altar of Trog.
   226 | D:1      | Reached XP level 2. HP: 15/22 MP: 2/2
   230 | D:1      | oh hell yes
   235 | D:1      | lmfao
   372 | D:1      | Found a faded altar of an unknown god.
   380 | D:1      | Got Plato's Compendium of Battle Magic
   517 | D:1      | Got Paas's Incunabulum of Fiery Transmutation
  1097 | D:2      | Reached XP level 3. HP: 23/27 MP: 3/3
  1601 | D:3      | Reached XP level 4. HP: 31/34 MP: 4/4
  1604 | D:3      | Reached skill level 1 in Maces & Flails
  1841 | D:3      | Found Ryla Xoa's Weapon Boutique.
  2032 | D:3      | Reached skill level 1 in Dodging
  2396 | D:4      | Reached skill level 2 in Maces & Flails
  2396 | D:4      | Reached XP level 5. HP: 28/39 MP: 5/5
  2671 | D:4      | Reached XP level 6. HP: 47/47 MP: 6/6
  2935 | D:5      | Entered Level 5 of the Dungeon
  2954 | D:5      | Reached skill level 3 in Maces & Flails
  2987 | D:5      | Noticed Jeffrey's ghost (amateur PaFi)
  2987 | D:5      | Found a runed translucent door.
  3181 | D:5      | Reached skill level 4 in Maces & Flails
  3181 | D:5      | Gained mutation: You curl defensively after being hit. (AC
                  | +7*) [Palentonga growth]
  3181 | D:5      | Reached XP level 7. HP: 52/54 MP: 7/7
  3324 | D:5      | Reached skill level 5 in Maces & Flails
  3324 | D:5      | Reached skill level 5 in Evocations
  3444 | D:5      | Found Vecs's Jewellery Emporium.
  3486 | D:5      | Reached XP level 8. HP: 47/62 MP: 8/8
  3601 | D:5      | Identified the +12 whip "Kiefot" {protect, rF+}
  3627 | D:5      | Reached skill level 6 in Maces & Flails
  3642 | D:5      | Identified the +3 arbalest "Xiudes" {flame, rCorr}
  3644 | D:5      | oh cool
  4219 | D:6      | Reached skill level 1 in Crossbows
  4452 | D:6      | Found an opulent altar of Gozag.
  4465 | D:6      | Reached XP level 9. HP: 69/69 MP: 9/9
  4469 | D:6      | Became a worshipper of Gozag Ym Sagoz the Greedy
  4597 | D:6      | Reached skill level 7 in Maces & Flails
  4699 | D:7      | Reached skill level 5 in Armour
  5194 | D:7      | Found a staircase to the Ecumenical Temple.
  5247 | D:7      | Noticed a kobold demonologist
  5270 | D:7      | Noticed a sixfirhy
  5343 | D:7      | Killed a kobold demonologist
  5738 | D:8      | Noticed Psyche
  5746 | D:8      | Reached XP level 10. HP: 70/78 MP: 10/10
  5749 | D:8      | Killed Psyche
  5750 | D:8      | Reached skill level 5 in Fighting
  5755 | D:8      | Reached skill level 1 in Stealth
  5761 | D:8      | Noticed Gastronok
  5828 | Temple   | Entered the Ecumenical Temple
  6163 | D:8      | Reached skill level 8 in Maces & Flails
  6180 | D:8      | Found a transporter.
  6180 | D:8      | Noticed Barbarella's ghost (novice MiBe)
  6260 | D:8      | Noticed a cyclops
  6268 | D:8      | Found a transporter.
  6298 | D:8      | Killed Gastronok
  6450 | D:8      | Bought a jewelled chain mail for 275 gold pieces
  6450 | D:8      | Identified the +7 chain mail of Vyluull {Fly rC- Slay+3
                  | SInv} (You bought it in a shop on level 8 of the Dungeon)
  6568 | D:9      | Found a staircase to the Orcish Mines.
  6595 | D:9      | Noticed Harold
  6606 | D:9      | HP: 1/81 [hornet (11)]
  6607 | D:9      | Succumbed to a hornet's poison

Illustrated notes

..............###
#.... #####.......##
####...#.# #....#...#
##.#..###..#
######..$..# ...#
#..........# ...##
#..........#####.$..
###..........#@.......
...........)...#######
#.........###
#......†..#
##.))......#
#..............#
#_#.#.#####.###.... #.
#. .... #### [. ##
....#


Turn 230 on D:1: oh hell yes #....#...# ##.#..###..# ######..$..# ...#
#..........# ...## #..........#####.$.. ###..........#........
...........)...####### #.........### #......@..# ##.))......# #..............#
#_#.#.#####.###.... #. #. .... #### [. ## ....# # .....# ...... Turn 235 on D:1:
lmfao ###### ###@...# #......# #......# ###......###### #.............########
#..................... #..................... #.....................
#..................... Turn 3644 on D:5: oh cool

Levels and vault maps discovered:
D:1:      mainiacjoe_arrival_reflecting_pool, layout_rooms,
          shapermc_ecumenical_altar_rom_forum, minmay_hexomino_r4
D:2:      minmay_spotlight, layout_loops_ring, minmay_misc_feat_rugged,
          minmay_misc_feat_rows, kennysheep_generic_room_15
D:3:      cheibrodos_fertilizer, layout_loops_ring, serial_shops,
          nicolae_shop_advertising_works [nicolae_subvault_shop_adworks],
          st_stairs_2
D:4:      layout_loops_ring
D:5:      layout_basic, serial_undead, serial_undead_a, serial_undead_a,
          serial_undead_a, serial_undead_e, serial_undead_f, serial_undead_a,
          serial_undead_c, serial_undead_c, hellmonk_ghost_happy_afterlife,
          serial_shops, nicolae_shop_stone
D:6:      layout_rooms, old_standard_altar, serial_glass, glass_columns_b,
          glass_columns_a, glass_columns_c, glass_columns_a, glass_columns_c,
          glass_columns_c
D:7:      layout_basic, minmay_temple_entry_statues_pillars
D:8:      layout_cave_pools, gammafunk_ghost_arena, uniq_psyche, uniq_gastronok
D:9:      layout_grid_maze, erik_orc_4, grunt_decor_one_mirror,
          item_on_display_a, uniq_harold
Temple:   nicolae_temple_the_god_donut

Skill      XL: |  1  2  3  4  5  6  7  8  9 10 |
---------------+-------------------------------+-----
Evocations     | 3 4 5 6 7 |  7.7
Armour         | 2 3 4 5 6 |  6.6
Maces & Flails | 2 4 5 6 7 8 |  8.6
Dodging        | 1 2 |  2.7
Fighting       | 2 3 4 6 |  6.0
Crossbows      | 1 4 |  4.3
Stealth        | 1 |  1.3

Action                   |  1- 3 |  4- 6 |  7- 9 | 10-12 || total
-------------------------+-------+-------+-------+-------++-------
Melee: Club              |    67 |       |       |       ||    67
       Tailslap          |    10 |    13 |    35 |    13 ||    71
       Flail             |     7 |    92 |    71 |       ||   170
       Punch             |       |     1 |     6 |     3 ||    10
       Whip              |       |       |   163 |    82 ||   245
 Fire: Arbalest          |       |       |    82 |    11 ||    93
Invok: Potion Petition   |       |       |     1 |       ||     1
       Call Merchant     |       |       |       |     1 ||     1
 Abil: Rolling Charge    |    12 |    15 |     9 |     2 ||    38
Evoke: Wand              |     8 |    16 |    20 |     4 ||    48
       Piece from Xom's  |     1 |     3 |       |     4 ||     8
  Use: Scroll            |     3 |     2 |     3 |     2 ||    10
       Potion            |       |     1 |       |     2 ||     3
 Stab: Distracted        |       |       |     1 |       ||     1
Armor: Leather armour    |    10 |       |       |       ||    10
       Ring mail         |    24 |    11 |       |       ||    35
       Chain mail        |       |    77 |   215 |    77 ||   369
Dodge: Dodged            |    38 |    23 |    67 |    27 ||   155
